 Dungeon Crawl Stone Soup version 0.31-a0-516-gfcb59812bd (webtiles) character file.

Game seed: 1142975733230733058

9 GordonOverkill the Sneak (level 2, 0/16 HPs)
             Began as a Vine Stalker Delver on Aug 10, 2023.
             Succumbed to a scorpion's poison
             ... on level 5 of the Dungeon.
             The game lasted 00:00:33 (117 turns).

GordonOverkill the Sneak (Vine Stalker Delver)       Turns: 117, Time: 00:00:33

Health: 0/16       AC:  3    Str: 14    XL:     2   Next: 12%
Magic:  1/3        EV: 11    Int: 10    God:
Gold:   17         SH:  0    Dex: 15    Spells: 1/1 levels left

rFire   . . .        a - +0 hand axe
rCold   . . .        (no shield)
rNeg    . . .        b - +0 leather armour
rPois   .            (no helmet)
rElec   .            (no cloak)
rCorr   .            (no gloves)
SInv    .            (no boots)
Will    .....        (no amulet)
Stlth   +++          (no ring)
HPRegen 0.22/turn    (no ring)
MPRegen 0.08/turn

%: guardian spirit
@: lethally poisoned (0 -> -16), hasted, very quick
A: fangs 2, magic shield, antimagic bite, no potion heal 2
a: no special abilities


You were on level 5 of the Dungeon.
You visited 1 branch of the dungeon, and saw 2 of its levels.

You collected 17 gold pieces.

Inventory:

Hand Weapons
 a - a +0 hand axe (weapon)
Armour
 b - a +0 leather armour (worn)
Wands
 g - a wand of digging (3)
Scrolls
 c - a scroll of fog
 d - a scroll of revelation
 e - a scroll of fear


   Skills:
 - Level 2.6 Fighting
 + Level 2.5 Axes
 - Level 1.5 Dodging
 - Level 6.0 Stealth


You had one spell level left.
You didn't know any spells.
Your spell library was empty.

Dungeon Overview and Level Annotations

Branches:
Dungeon (6/15)
 Temple: D:4-7

Altars:
Yredelemnul


Innate Abilities, Weirdness & Mutations

You have extremely sharp teeth.
When hurt, damage is shared between your health and your magic reserves.
Your bite disrupts and absorbs the magic of your enemies.
Potions cannot restore your health.


Message History

A scorpion comes into view.
You feel yourself speed up.
You closely miss the scorpion. The scorpion closely misses you.
You hit the scorpion but do no damage. Your bite misses the scorpion.
The scorpion stings you.
You barely miss the scorpion. You bite the scorpion. You drain its power.
You feel invigorated.
The scorpion is lightly wounded.
The scorpion stings you.
You hit the scorpion but do no damage. Your bite misses the scorpion.
The scorpion is lightly wounded.
The scorpion barely misses you.
You closely miss the scorpion.
The scorpion is lightly wounded.
The scorpion stings you.
You hit the scorpion.
The scorpion is moderately wounded.
The scorpion barely misses you.
You completely miss the scorpion. You bite the scorpion. You drain its power.
You feel invigorated.
The scorpion is moderately wounded.
The scorpion stings you.
You hit the scorpion.
The scorpion is severely wounded.
The scorpion stings you.
* * * LOW HITPOINT WARNING * * *
You are lethally poisoned!
The scorpion poisons you!
You hit the scorpion but do no damage.
The scorpion is severely wounded.
* * * LOW HITPOINT WARNING * * *
You feel very sick. The scorpion stings you.
* * * LOW HITPOINT WARNING * * *
You are more poisoned.
The scorpion poisons you!
You hit the scorpion but do no damage.
You bite the scorpion, but do no damage.
The scorpion is heavily wounded.
You die...

#.###### #...........##...##.P
#.######## ##.....#.#............
#................................
#..#############....###....#####.
#....................)(..........
#..#############.#############.##
#..#......s....#.#
#..#.####.####s#.# #..#
#.#....#@# #..# #.#.####s####.#
#... #s#...........# #..
#.############# .. .#


You could see a scorpion.

Vanquished Creatures
  An adder (D:5)
1 creature vanquished.

Notes
Turn   | Place    | Note
-------+----------+-------------------------------------------
     0 | D:5      | GordonOverkill the Vine Stalker Delver began the quest for
                  | the Orb.
     0 | D:5      | Reached XP level 1. HP: 11/11 MP: 2/2
     1 | D:6      | Noticed an iguana
    18 | D:5      | Found a basalt altar of Yredelemnul.
    18 | D:5      | Noticed a sky beast
    24 | D:5      | Reached XP level 2. HP: 14/16 MP: 3/3
    93 | D:5      | Noticed a scorpion
   117 | D:5      | Succumbed to a scorpion's poison

Illustrated notes

Levels and vault maps discovered:
D:5:      gammafunk_wand_slinger, layout_basic,
          mainiacjoe_overflow_cross_hatched, serial_rivers,
          chequers_serial_rivers_small_b, chequers_serial_rivers_micro_d,
          chequers_serial_rivers_room_a, chequers_serial_rivers_micro_c,
          roderic_lattice_a
D:6:      layout_basic, kb_xom_exploding_sheep, serial_shops, shop

Skill      XL: |  1 |
---------------+----+-----
Axes           | 2 |  2.5
Fighting       | |  2.6
Dodging        | |  1.5
Stealth        | |  6.0

Action                     || total
---------------------------++-------
  Melee: Hand axe          ||    13
         Bite              ||     3
    Use: Potion            ||     1
   Stab: Sleeping          ||     1
 Armour: Leather armour    ||     1
  Dodge: Dodged            ||     4

Table legend: (Time is in decaauts)
 A = Elapsed time spent in this place.
 B = Non-inter-level travel time spent in this place.
 C = Inter-level travel time spent in this place.
 D = Time resting spent in this place.
 E = Time spent auto-exploring this place.
 F = Levels seen in this place.
 G = Mean time per level.
                   A        B        C        D        E       F      G
               +--------+--------+--------+--------+--------+-----+--------+
         Total |    115 |    115 |      0 |      0 |      0 |   2 |   57.5 |
       Dungeon |    115 |    115 |      0 |      0 |      0 |   2 |   57.5 |
               +--------+--------+--------+--------+--------+-----+--------+

Top non-repeatable levels by time:
     D:5: 112 daAuts
     D:6: 3 daAuts
